 Dungeon Crawl Stone Soup version 0.26.1-11-gd32895ea62 (webtiles) character file.

Game seed: 13449730188749367172

86 unlimited1921 the Vexing (level 4, 0/34 HPs)
             Began as a Gnoll Arcane Marksman on July 25, 2021.
             Succumbed to an adder's poison
             ... on level 2 of the Dungeon.
             The game lasted 00:27:34 (2684 turns).

unlimited1921 the Vexing (Gnoll Arcane Marksman)    Turns: 2684, Time: 00:27:35

Health: 0/34       AC:  2    Str: 13    XL:     4   Next: 49%
Magic:  7/8        EV: 15    Int: 15    God:
Gold:   100        SH:  0    Dex: 16    Spells: 6/9 levels left

rFire    . . .     SeeInvis .   r - +0 flail
rCold    . . .     Faith    .   (no shield)
rNeg     . . .     Spirit   .   e - +0 robe
rPois    .         Reflect  .   (no helmet)
rElec    .         Harm     .   (no cloak)
rCorr    .         Rampage  .   (no gloves)
Will     .....                  (no boots)
Stlth    ++........             (no amulet)
HPRegen  0.11/turn              (no ring)
MPRegen  0.11/turn              (no ring)

@: lethally poisoned (0 -> -2)
A: distributed training, fangs 1, strong nose
a: no special abilities


You were on level 2 of the Dungeon.
You visited 1 branch of the dungeon, and saw 3 of its levels.

You collected 100 gold pieces.

Inventory:

Hand Weapons
 a - a +0 hand crossbow
 f - a +0 hand axe
 j - a +0 whip
 r - a +0 flail (weapon)
 x - a +0 mace
Missiles
 d - 10 bolts
 i - 14 poisoned darts (quivered)
 o - 53 stones
 p - 62 arrows
Armour
 c - a +0 ring mail
 e - a +0 robe (worn)
 k - a +0 ring mail
 y - a +0 chain mail
Jewellery
 m - a +4 ring of protection {unknown}
Scrolls
 b - a scroll of fear {unknown}
 g - 3 scrolls of identify {unknown}
 h - a scroll of enchant armour {unknown}
 n - a scroll of amnesia {unknown}
 u - a scroll of remove curse {unknown}
 v - a scroll of noise {unknown}
 w - a scroll of teleportation {unknown}
Potions
 l - a potion of haste {unknown}
 q - a potion of curing {unknown}
 s - a potion of brilliance {unknown}
 t - a potion of heal wounds {unknown}


   Skills:
 + Level 2.7 Fighting
 + Level 1.1 Short Blades
 + Level 1.1 Long Blades
 + Level 1.1 Axes
 + Level 1.1 Maces & Flails
 + Level 1.1 Polearms
 + Level 1.1 Staves
 + Level 1.1 Slings
 + Level 1.1 Bows
 + Level 4.6 Crossbows
 + Level 1.1 Throwing
 + Level 1.1 Armour
 + Level 4.6 Dodging
 + Level 1.1 Stealth
 + Level 1.1 Shields
 + Level 1.1 Unarmed Combat
 + Level 3.0 Spellcasting
 + Level 0.9 Conjurations
 + Level 5.4 Hexes
 + Level 0.9 Summonings
 + Level 0.9 Necromancy
 + Level 0.9 Translocations
 + Level 0.9 Transmutations
 + Level 0.9 Fire Magic
 + Level 0.9 Ice Magic
 + Level 0.9 Air Magic
 + Level 0.9 Earth Magic
 + Level 0.9 Poison Magic
 + Level 1.2 Invocations
 + Level 1.1 Evocations


You had 6 spell levels left.
You knew the following spells:

 Your Spells              Type           Power        Failure   Level
a - Corona                Hex            20%          2%          1
b - Slow                  Hex            18%          3%          2

Your spell library contained the following spells:

 Spells                   Type           Power        Failure   Level
 Inner Flame              Hex/Fire       11%          16%         3
 Portal Projectile        Hex/Tloc       22%          16%         3
 Cause Fear               Hex            9%           22%         4
 Leda's Liquefaction      Hex/Erth       5%           47%         4


Dungeon Overview and Level Annotations

Branches:
Dungeon (3/15)

Altars:
Dithmenos


Innate Abilities, Weirdness & Mutations

Your experience applies equally to all skills.
You have very sharp teeth.
Your uncanny sense of smell can sniff out nearby items.


Message History

Aiming: Slow (safe; 3% risk of failure)
Press: ? - help, Shift-Dir - straight line, f/p - adder
Aim: an adder (severely wounded, chance to affect: 65%)
The adder seems to slow down.
You feel sick. The adder misses you.
You feel sick.
You are no longer poisoned.
There is a stone staircase leading up here.
The adder bites you.
* * * LOW HITPOINT WARNING * * *
You are lethally poisoned!
The adder poisons you!
You climb upwards.
* * * LOW HITPOINT WARNING * * *
You feel sick.
There is a stone staircase leading down here.
* * * LOW HITPOINT WARNING * * *
You feel sick.
* * * LOW HITPOINT WARNING * * *
You feel sick.
You die...

.#######...#........###
......................#
....#####..#..........#
.##.#...........#.##..#
.##..................##
.............S....##.#
###...............##.#
..#...............##.###
..#.......>.....@......###
..#.....)................##
......................##..##
..........#..........##....#
..#####..............#._...#
..# #########......##....#
..# #.......##..## ..#
#..........## ..#
#........###


You could see an adder (slow).

Vanquished Creatures
  3 adders (D:2)
  An adder skeleton (D:2)
  2 worms (D:2)
  A giant cockroach (D:2)
  5 goblins
  8 hobgoblins
  5 jackals (D:1)
  6 kobolds
  A ball python (D:2)
  9 bats
  3 frilled lizards
  7 rats
51 creatures vanquished.

Vanquished Creatures (others)
  19 plants (D:1)
19 creatures vanquished.

Grand Total: 70 creatures vanquished

Notes
Turn   | Place    | Note
-------+----------+-------------------------------------------
     0 | D:1      | unlimited1921 the Gnoll Arcane Marksman began the quest for
                  | the Orb.
     0 | D:1      | Reached XP level 1. HP: 17/17 MP: 4/4
   262 | D:1      | Reached XP level 2. HP: 23/23 MP: 5/5
   750 | D:1      | Learned a level 2 spell: Slow
  1082 | D:1      | Reached XP level 3. HP: 28/28 MP: 7/7
  1798 | D:2      | Reached skill level 1 in Invocations
  1959 | D:2      | Reached skill level 1 in Short Blades
  1959 | D:2      | Reached skill level 1 in Long Blades
  1959 | D:2      | Reached skill level 1 in Axes
  1959 | D:2      | Reached skill level 1 in Maces & Flails
  1959 | D:2      | Reached skill level 1 in Polearms
  1959 | D:2      | Reached skill level 1 in Staves
  1959 | D:2      | Reached skill level 1 in Slings
  1959 | D:2      | Reached skill level 1 in Bows
  1959 | D:2      | Reached skill level 1 in Throwing
  1959 | D:2      | Reached skill level 1 in Armour
  1959 | D:2      | Reached skill level 1 in Stealth
  1959 | D:2      | Reached skill level 1 in Shields
  1959 | D:2      | Reached skill level 1 in Unarmed Combat
  1959 | D:2      | Reached skill level 1 in Evocations
  2025 | D:2      | Reached XP level 4. HP: 32/34 MP: 8/8
  2250 | D:2      | Found a shadowy altar of Dithmenos.
  2298 | D:2      | Found a faded altar of an unknown god.
  2677 | D:2      | HP: 1/34 [poisoned by an adder]
  2684 | D:2      | Succumbed to an adder's poison

Illustrated notes

Levels and vault maps discovered:
D:1:      amcnicky_arrival_abandoned_market, layout_loops_corners,
          serial_bayou_lagoon_a
D:2:      layout_rooms, chequers_ecumenical_altar_simple_redux,
          nicolae_dithmenos_through_a_glass_darkly
D:3:      layout_loops_corners, grunt_qazlal_clouds, lemuel_doored_altar,
          lemuel_coloured_pillars_altar

Skill      XL: |  1  2  3  4 |
---------------+-------------+-----
Invocations    | 1 |  1.2
Short Blades   | 1 |  1.1
Long Blades    | 1 |  1.1
Axes           | 1 |  1.1
Maces & Flails | 1 |  1.1
Polearms       | 1 |  1.1
Staves         | 1 |  1.1
Slings         | 1 |  1.1
Bows           | 1 |  1.1
Throwing       | 1 |  1.1
Armour         | 1 |  1.1
Stealth        | 1 |  1.1
Shields        | 1 |  1.1
Unarmed Combat | 1 |  1.1
Evocations     | 1 |  1.1
Spellcasting   | 3 |  3.0
Fighting       | |  2.7
Crossbows      | |  4.6
Dodging        | |  4.6
Conjurations   | |  0.9
Hexes          | |  5.4
Summonings     | |  0.9
Necromancy     | |  0.9
Translocations | |  0.9
Transmutations | |  0.9
Fire Magic     | |  0.9
Ice Magic      | |  0.9
Air Magic      | |  0.9
Earth Magic    | |  0.9
Poison Magic   | |  0.9

Action                   |  1- 3 |  4- 6 || total
-------------------------+-------+-------++-------
Melee: Hand axe          |    33 |     5 ||    38
       Bite              |     4 |       ||     4
       Punch             |     1 |       ||     1
       Flail             |       |    11 ||    11
 Fire: Hand crossbow     |    87 |    22 ||   109
Throw: Dart              |    11 |    12 ||    23
 Cast: Corona            |     1 |     2 ||     3
       Slow              |       |     4 ||     4
  Use: Scroll            |     3 |       ||     3
Armor: Robe              |    12 |     4 ||    16
Dodge: Dodged            |    43 |    27 ||    70
